 Dungeon Crawl Stone Soup version 0.25.0-46-gbd7b0854d2 (webtiles) character file.

Game seed: 1566166903744350216

59 Descartes the Grasshopper (level 3, 0/16 HPs)
             Began as a Felid Warper on July 14, 2020.
             Slain by an adder (2 damage)
             ... on level 3 of the Dungeon.
             The game lasted 00:03:09 (2006 turns).

Descartes the Grasshopper (Felid Warper)            Turns: 2006, Time: 00:03:09

Health: 0/16       AC:  1    Str:  8    XL:     3   Next: 78%
Magic:  7/7        EV: 19    Int: 14    God:
Gold:   110        SH:  0    Dex: 15    Spells: 2/6 levels left
                                        Lives:  0   Deaths: 0

rFire    . . .     SeeInvis +     - Unarmed
rCold    . . .     Gourm    .   (shield unavailable)
rNeg     . . .     Faith    .   (armour unavailable)
rPois    .         Spirit   .   (helmet unavailable)
rElec    .         Reflect  .   (cloak unavailable)
rCorr    .         Harm     .   (gloves unavailable)
MR       .....                  (boots unavailable)
Stlth    +++.......             (no amulet)
HPRegen  0.05/turn              (no ring)
MPRegen  0.10/turn              (no ring)

@: lethally poisoned (0 -> -8), quick
A: very small, no armour, no weapons or thrown items, stealth, claws 1, fangs 3,
see invisible, carnivore, speed 1, shaggy fur 1, slow metabolism 1, sharp paws
a: no special abilities


You were on level 3 of the Dungeon.
You were completely stuffed.

You visited 1 branch of the dungeon, and saw 3 of its levels.

You collected 110 gold pieces.

Inventory:

Missiles
 e - 13 stones
 n - 14 arrows
Wands
 p - a wand of enslavement (6)
Scrolls
 a - a scroll of remove curse
 b - a scroll of blinking
 d - a scroll of teleportation {unknown}
 f - a scroll of random uselessness {unknown}
 h - a scroll of fog {unknown}
 l - a scroll of enchant weapon {unknown}
Potions
 i - a potion of lignification {unknown}
 j - a potion of heal wounds {unknown}
 k - a potion of flight {unknown}
 m - 2 potions of degeneration {unknown}
 o - a potion of resistance {unknown}
Comestibles
 c - 5 rations
 g - 6 chunks of flesh


   Skills:
 - Level 2.0 Fighting
 + Level 4.2 Dodging
 * Level 4.1 Stealth
 - Level 2.0 Unarmed Combat
 - Level 2.0 Spellcasting
 - Level 4.4 Translocations


You had 2 spell levels left.
You knew the following spells:

 Your Spells              Type           Power        Failure   Level  Hunger
a - Blink                 Tloc           N/A          6%          2    ###....
b - Shroud of Golubria    Chrm/Tloc      #.....       14%         2    ###....

Your spell library contained the following spells:

 Spells                   Type           Power        Failure   Level  Hunger
 Gell's Gravitas          Tloc           ##........   12%         3    ####...
 Lesser Beckoning         Tloc           ##........   12%         3    ####...
 Teleport Other           Tloc           ##......     12%         3    ####...
 Passage of Golubria      Tloc           N/A          36%         4    #####..


Dungeon Overview and Level Annotations

Branches:
Dungeon (3/15)

Altars:
Qazlal

Annotations:
D:1 1 runed translucent door
D:3 3 runed translucent doors, qipq's ghost, weakling FoWz


Innate Abilities, Weirdness & Mutations

You cannot wear armour.
You are incapable of wielding weapons or throwing items.
Your paws allow you to move quietly. (Stealth)
You have sharp claws.
You have razor-sharp teeth.
You have supernaturally acute eyesight. (SInv)
You are carnivorous and can eat meat at any time.
You cover ground quickly.
You are covered in fur. (AC +1)
You have a slow metabolism.
Your sharp claws are effective at attacking unaware monsters.


Message History

The adder poisons you!
You scratch the adder but do no damage.
You feel sick. The adder misses you.
You closely miss the adder. Your bite misses the adder.
The adder completely misses you.
You scratch the adder. You bite the adder.
The adder is heavily wounded.
You feel sick. The adder barely misses you.
You closely miss the adder.
The adder is heavily wounded.
The adder bites you.
* * * LOW HITPOINT WARNING * * *
The adder misses you.
You miss the adder. You bite the adder, but do no damage.
The adder is heavily wounded.
* * * LOW HITPOINT WARNING * * *
You feel sick. The adder barely misses you.
You barely miss the adder.
The adder is heavily wounded.
The adder bites you.
You die...

.......[..# #.....#
..........# #.....#
..........# #.....#
..........# #.....#
..#>...... #....)#
..#....... #..?..#
..........###.....#
###.####..........#.##..
..#.# #........@....)..
..#.# #.......#S#..#..#
..#.# #.......#.#....##
..#.# #...[...#..#...#
..#.# #...†.(.##.#.....
..#.# #.......# ......#
.g#.# #......)# #....##
###.####.......# ..
...............#


You could see an adder.

Vanquished Creatures
  An adder (D:2)
  A worm (D:2)
  2 dart slugs
  2 leopard geckos (D:1)
  An orc (D:3)
  A ball python (D:2)
  A giant cockroach (D:3)
  5 goblins
  7 hobgoblins
  6 kobolds
  5 bats
  2 frilled lizards (D:1)
  5 rats (D:1)
39 creatures vanquished.

Notes
Turn   | Place    | Note
-------+----------+-------------------------------------------
     0 | D:1      | Descartes the Felid Warper began the quest for the Orb.
     0 | D:1      | Reached XP level 1. HP: 9/9 MP: 4/4
     2 | D:1      | Found a runed translucent door.
    58 | D:1      | Reached skill level 1 in Stealth
   559 | D:1      | Reached XP level 2. HP: 13/13 MP: 6/6
  1286 | D:2      | Learned a level 2 spell: Blink
  1289 | D:2      | Learned a level 2 spell: Shroud of Golubria
  1333 | D:2      | Found a stormy altar of Qazlal.
  1502 | D:2      | Reached XP level 3. HP: 13/16 MP: 7/7
  1889 | D:3      | Found a faded altar of an unknown god.
  1933 | D:3      | Noticed qipq's ghost (weakling FoWz)
  1939 | D:3      | Found a runed translucent gate.
  1939 | D:3      | Found a runed translucent gate.
  1939 | D:3      | Found a runed translucent gate.
  2006 | D:3      | Slain by an adder

Illustrated notes

Levels and vault maps discovered:
D:1:      dpeg_arrival_caged_fury, layout_rooms
D:2:      layout_rooms, nicolae_qazlal_general_emergency, first_ration
D:3:      layout_basic, gammafunk_temple_overflow_claw,
          chequers_ecumenical_altar_simple_redux, gammafunk_ghost_split

Skill      XL: |  1  2  3 |
---------------+----------+-----
Stealth        | 2 3 4 |  4.1
Dodging        | 4 |  4.2
Fighting       | |  2.0
Unarmed Combat | |  2.0
Spellcasting   | |  2.0
Translocations | |  4.4

Action                   || total
-------------------------++-------
Melee: Unarmed           ||   131
       Bite              ||    11
       Punch             ||     1
  Use: Scroll            ||     1
 Stab: Sleeping          ||     7
       Distracted        ||     1
  Eat: Chunk             ||    10
Armor: Skin              ||     4
Dodge: Dodged            ||    91
